| TOP OF THE 1ST |
|
Syracuse Chiefs batting - Pitching for New Orleans Zephyrs : RHP Nick Newmaster
|
|
Pitching: RHP Nick Newmaster
|
|
|
Batting: RHB Dusty Ballard
|
0-0: Ball 1-0: Foul Ball, location: 2F 1-1: Foul Ball, location: 2F 1-2: Ball 2-2: Ball 3-2: Foul Ball, location: 2F 3-2: Base on Balls
|
|
Batting: RHB Hisayuki Akiyama
|
0-0: Called Strike 0-1: Foul Ball, location: 2F 0-2: Ball Dusty Ballard is caught stealing 2nd base 2-4 1-2: Foul Ball, location: 2F 1-2: Strikes out swinging
|
|
Batting: LHB Alexis Cantu
|
0-0: Ball 1-0: Swinging Strike 1-1: Called Strike 1-2: Strikes out swinging
|
| Top of the 1st over - 0 runs, 0 hits, 0 errors, 0 left on base; Syracuse 0 - New Orleans 0 |
| BOTTOM OF THE 1ST |
|
New Orleans Zephyrs batting - Pitching for Syracuse Chiefs : RHP Sentos Alatas
|
|
Pitching: RHP Sentos Alatas
|
|
|
Batting: LHB David Doge
|
0-0: SINGLE (Groundball, 4D, EV 103.1 MPH)
|
|
Batting: SHB Ramon Martinez
|
0-0: Swinging Strike 0-1: Ball 1-1: Called Strike 1-2: Ball 2-2: Fielders Choice at 2nd, 6-4 (Groundball, 6, EV 108.1 MPH)
|
|
Batting: LHB Eric Bailey
|
0-0: Called Strike 0-1: Called Strike Ramon Martinez is caught stealing 2nd base 2-6 0-2: Fly out, F4 (Popup, 4, EV 55.0 MPH)
|
| Bottom of the 1st over - 0 runs, 1 hit, 0 errors, 0 left on base; Syracuse 0 - New Orleans 0 |
| TOP OF THE 2ND |
|
Syracuse Chiefs batting - Pitching for New Orleans Zephyrs : RHP Nick Newmaster
|
|
Batting: LHB Jae-ik Soung
|
0-0: Ball 1-0: Swinging Strike 1-1: Swinging Strike 1-2: Ball 2-2: Strikes out swinging
|
|
Batting: RHB Antonio Laurel
|
0-0: Ball 1-0: Fly out, F9 (Flyball, 9D, EV 106.2 MPH)
|
|
Batting: LHB Doug Anderson
|
0-0: Ground out U3 (Groundball, 23, EV 85.6 MPH)
|
| Top of the 2nd over - 0 runs, 0 hits, 0 errors, 0 left on base; Syracuse 0 - New Orleans 0 |
| BOTTOM OF THE 2ND |
|
New Orleans Zephyrs batting - Pitching for Syracuse Chiefs : RHP Sentos Alatas
|
|
Batting: RHB Orlando Landa
|
0-0: Foul Ball, location: 2F 0-1: Swinging Strike 0-2: Ball 1-2: Strikes out swinging
|
|
Batting: RHB Rafael Irizarry
|
0-0: Ball 1-0: Called Strike 1-1: Foul Ball, location: 2F 1-2: Foul Ball, location: 2F 1-2: Foul Ball, location: 2F 1-2: Strikes out swinging
|
|
Batting: RHB Boof Howell
|
0-0: Ball 1-0: Foul Ball, location: 2F 1-1: Swinging Strike 1-2: DOUBLE (Line Drive, 78D, EV 108.1 MPH)
|
|
Pinch Runner at 2nd Adam McGurn:
|
|
|
Batting: SHB Greg Rivera
|
0-0: Ball 1-0: Called Strike 1-1: Ball 2-1: Swinging Strike Balk! Adam McGurn to third 2-2: Strikes out swinging
|
| Bottom of the 2nd over - 0 runs, 1 hit, 0 errors, 1 left on base; Syracuse 0 - New Orleans 0 |
| TOP OF THE 3RD |
|
Syracuse Chiefs batting - Pitching for New Orleans Zephyrs : RHP Nick Newmaster
|
|
Batting: RHB Stephen Charbonneau
|
0-0: Called Strike 0-1: Swinging Strike 0-2: Ball 1-2: Foul Ball, location: 2F 1-2: Foul Ball, location: 2F 1-2: SINGLE (Groundball, 25, EV 66.2 MPH) (infield hit)
|
|
Batting: RHB Willie de los Santos
|
0-0: Ball 1-0: Foul Ball, location: 2F 1-1: Foul Ball, location: 2F 1-2: Grounds into double play, 6-4-3 (Groundball, 6, EV 85.6 MPH)
|
|
Batting: LHB Evan Oliveri
|
0-0: Ball 1-0: Swinging Strike 1-1: Ball 2-1: Ball 3-1: Swinging Strike 3-2: Strikes out looking
|
| Top of the 3rd over - 0 runs, 1 hit, 0 errors, 0 left on base; Syracuse 0 - New Orleans 0 |
| BOTTOM OF THE 3RD |
|
New Orleans Zephyrs batting - Pitching for Syracuse Chiefs : RHP Sentos Alatas
|
|
Batting: RHB Masumitsu Sugiura
|
0-0: Called Strike 0-1: Ball 1-1: Ball 2-1: SINGLE (Groundball, 56D, EV 101.2 MPH)
|
|
Batting: RHB Harrie de Kam
|
0-0: Ball 1-0: Foul Ball, location: 2F 1-1: Ball 2-1: Ball 3-1: SINGLE (Flyball, 7S, EV 88.1 MPH) Masumitsu Sugiura to second
|
|
Batting: LHB David Doge
|
0-0: Called Strike 0-1: Ball 1-1: Swinging Strike 1-2: Ball 2-2: DOUBLE (Line Drive, 3D, EV 95.6 MPH) Masumitsu Sugiura scores Harrie de Kam to third Runner from 3rd tries for Home, SAFE, no throw by RF
|
|
Batting: SHB Ramon Martinez
|
0-0: Ball 1-0: Foul Ball, location: 2F 1-1: Swinging Strike 1-2: Foul Ball, location: 2F 1-2: SINGLE (Flyball, 9LS, EV 91.2 MPH) David Doge to third Runner from 3rd tries for Home, SAFE, throw by RF to home
|
|
Batting: LHB Eric Bailey
|
0-0: Called Strike 0-1: Foul Ball, location: 2F 0-2: Ball Ramon Martinez steals 2nd base (no throw) 1-2: Foul Ball, location: 2F 1-2: Strikes out swinging
|
|
Batting: RHB Orlando Landa
|
0-0: Fly out, F5 (Popup, 5SF, EV 85.6 MPH)
|
|
Batting: RHB Rafael Irizarry
|
0-0: Ball 1-0: Ball 2-0: Swinging Strike 2-1: DOUBLE (Line Drive, 9LD, EV 110.0 MPH) Ramon Martinez scores
|
|
Batting: RHB Adam McGurn
|
0-0: Called Strike 0-1: Ball Wild Pitch! Rafael Irizarry to third 1-1: Ball Wild Pitch! Rafael Irizarry scores 2-1: Called Strike 2-2: Strikes out swinging
|
| Bottom of the 3rd over - 5 runs, 5 hits, 0 errors, 0 left on base; Syracuse 0 - New Orleans 5 |
| TOP OF THE 4TH |
|
Syracuse Chiefs batting - Pitching for New Orleans Zephyrs : RHP Nick Newmaster
|
|
Batting: RHB Dusty Ballard
|
0-0: Called Strike 0-1: Ball 1-1: Ball 2-1: Foul Ball, location: 2F 2-2: Strikes out swinging
|
|
Batting: RHB Hisayuki Akiyama
|
0-0: Foul Ball, location: 2F 0-1: Foul Ball, location: 2F 0-2: Strikes out swinging
|
|
Batting: LHB Alexis Cantu
|
0-0: Ball 1-0: Fly out, F8 (Flyball, 8LM, EV 86.2 MPH)
|
| Top of the 4th over - 0 runs, 0 hits, 0 errors, 0 left on base; Syracuse 0 - New Orleans 5 |
| BOTTOM OF THE 4TH |
|
New Orleans Zephyrs batting - Pitching for Syracuse Chiefs : RHP Sentos Alatas
|
|
Batting: SHB Greg Rivera
|
0-0: Called Strike 0-1: Called Strike 0-2: Ball 1-2: Strikes out swinging
|
|
Batting: RHB Masumitsu Sugiura
|
0-0: Called Strike 0-1: Ball 1-1: Ball 2-1: Swinging Strike 2-2: Foul Ball, location: 2F 2-2: Foul Ball, location: 2F 2-2: Ball 3-2: Base on Balls
|
|
Pitching: LHP Eric Bice
|
|
|
Batting: RHB Harrie de Kam
|
0-0: Ball Wild Pitch! Masumitsu Sugiura to second 1-0: SINGLE (Groundball, P, EV 88.1 MPH) (infield hit) Masumitsu Sugiura to third
|
|
Batting: LHB David Doge
|
0-0: Ball Harrie de Kam steals 2nd base (no throw) 1-0: Fly out, F8 (Flyball, 8LD, EV 91.9 MPH) Runner from 3rd tags up, SCORES, throw by CF
|
|
Batting: SHB Ramon Martinez
|
0-0: Fly out, F7 (Flyball, 7, EV 82.5 MPH)
|
| Bottom of the 4th over - 1 run, 1 hit, 0 errors, 1 left on base; Syracuse 0 - New Orleans 6 |
| TOP OF THE 5TH |
|
Syracuse Chiefs batting - Pitching for New Orleans Zephyrs : RHP Nick Newmaster
|
|
Batting: LHB Jae-ik Soung
|
0-0: Ball 1-0: Swinging Strike 1-1: Foul Ball, location: 2F 1-2: Foul Ball, location: 2F 1-2: Strikes out swinging
|
|
Batting: RHB Antonio Laurel
|
0-0: Called Strike 0-1: Called Strike 0-2: Strikes out looking
|
|
Batting: LHB Doug Anderson
|
0-0: Ball 1-0: Ball 2-0: Called Strike 2-1: Ball 3-1: Base on Balls
|
|
Batting: RHB Stephen Charbonneau
|
0-0: Called Strike Doug Anderson is caught stealing 2nd base 2-4
|
| Top of the 5th over - 0 runs, 0 hits, 0 errors, 0 left on base; Syracuse 0 - New Orleans 6 |
| BOTTOM OF THE 5TH |
|
New Orleans Zephyrs batting - Pitching for Syracuse Chiefs : LHP Eric Bice
|
|
Batting: LHB Eric Bailey
|
0-0: Called Strike 0-1: Ball 1-1: Foul Ball, location: 2F 1-2: Strikes out swinging
|
|
Batting: RHB Orlando Landa
|
0-0: Ball 1-0: Foul Ball, location: 2F 1-1: Fly out, F6 (Flyball, 6D, EV 85.0 MPH)
|
|
Batting: RHB Rafael Irizarry
|
0-0: Fly out, F9 (Flyball, 9S, EV 95.0 MPH)
|
| Bottom of the 5th over - 0 runs, 0 hits, 0 errors, 0 left on base; Syracuse 0 - New Orleans 6 |
| TOP OF THE 6TH |
|
Syracuse Chiefs batting - Pitching for New Orleans Zephyrs : RHP Nick Newmaster
|
|
Batting: RHB Stephen Charbonneau
|
0-0: Foul Ball, location: 2F 0-1: Ball 1-1: Ball 2-1: Ball 3-1: Ground out 6-3 (Groundball, 6, EV 103.8 MPH)
|
|
Batting: RHB Willie de los Santos
|
0-0: Called Strike 0-1: Swinging Strike 0-2: Strikes out swinging
|
|
Batting: LHB Evan Oliveri
|
0-0: Ball 1-0: Swinging Strike 1-1: Swinging Strike 1-2: Foul Ball, location: 2F 1-2: Ball 2-2: Strikes out looking
|
| Top of the 6th over - 0 runs, 0 hits, 0 errors, 0 left on base; Syracuse 0 - New Orleans 6 |
| BOTTOM OF THE 6TH |
|
New Orleans Zephyrs batting - Pitching for Syracuse Chiefs : LHP Eric Bice
|
|
Batting: RHB Adam McGurn
|
0-0: Ball 1-0: Ball 2-0: Ball 3-0: Called Strike 3-1: SINGLE (Groundball, 25, EV 65.6 MPH) (infield hit)
|
|
Batting: SHB Greg Rivera
|
0-0: Foul Ball, location: 2F 0-1: Ball 1-1: Ball 2-1: Foul Ball, location: 2F 2-2: Fly out, F8 (Flyball, 8LM, EV 76.2 MPH)
|
|
Batting: RHB Masumitsu Sugiura
|
Pickoff Play to 1st, Runner tries for 2nd, OUT after rundown. 0-0: Ball 1-0: Reached on error, E4 (Groundball, 34, EV 104.4 MPH)
|
|
Batting: RHB Harrie de Kam
|
0-0: Called Strike 0-1: Called Strike 0-2: Ball 1-2: Ball 2-2: Strikes out looking
|
| Bottom of the 6th over - 0 runs, 1 hit, 1 error, 1 left on base; Syracuse 0 - New Orleans 6 |
| TOP OF THE 7TH |
|
Syracuse Chiefs batting - Pitching for New Orleans Zephyrs : RHP Nick Newmaster
|
|
Batting: RHB Dusty Ballard
|
0-0: Foul Ball, location: 2F 0-1: Ball 1-1: Foul Ball, location: 2F 1-2: Fly out, F7 (Flyball, 7S, EV 87.5 MPH)
|
|
Batting: RHB Hisayuki Akiyama
|
0-0: Ball 1-0: Ground out 6-3 (Groundball, 6D, EV 98.1 MPH)
|
|
Batting: LHB Alexis Cantu
|
0-0: Called Strike 0-1: Foul Ball, location: 2F 0-2: Strikes out looking
|
| Top of the 7th over - 0 runs, 0 hits, 0 errors, 0 left on base; Syracuse 0 - New Orleans 6 |
| BOTTOM OF THE 7TH |
|
New Orleans Zephyrs batting - Pitching for Syracuse Chiefs : LHP Eric Bice
|
|
Batting: LHB David Doge
|
0-0: Ball 1-0: Called Strike 1-1: Ground out 6-3 (Groundball, 6, EV 103.1 MPH)
|
|
Batting: SHB Ramon Martinez
|
0-0: Foul Ball, location: 2F 0-1: Called Strike 0-2: Ball 1-2: Ground out 1-3 (Groundball, 13S, EV 66.9 MPH)
|
|
Batting: LHB Eric Bailey
|
0-0: Ball 1-0: Ground out 6-3 (Groundball, 6M, EV 88.8 MPH)
|
| Bottom of the 7th over - 0 runs, 0 hits, 0 errors, 0 left on base; Syracuse 0 - New Orleans 6 |
| TOP OF THE 8TH |
|
Syracuse Chiefs batting - Pitching for New Orleans Zephyrs : RHP Nick Newmaster
|
|
Batting: LHB Jae-ik Soung
|
0-0: Ball 1-0: Ball 2-0: Ball 3-0: Swinging Strike 3-1: Called Strike 3-2: Ground out 5-3 (Groundball, 5D, EV 81.9 MPH)
|
|
Batting: RHB Antonio Laurel
|
0-0: SINGLE (Groundball, 6MD, EV 103.1 MPH)
|
|
Batting: LHB Doug Anderson
|
0-0: Ball 1-0: Swinging Strike 1-1: Ball 2-1: Foul Ball, location: 2F 2-2: Foul Ball, location: 2F 2-2: Foul Ball, location: 2F 2-2: Ball 3-2: Strikes out looking
|
|
Pitching: LHP Tyler Murders
|
|
|
Batting: RHB Stephen Charbonneau
|
0-0: Ball Passed Ball! Antonio Laurel to second 1-0: Swinging Strike 1-1: Foul Ball, location: 2F 1-2: Ball 2-2: Strikes out swinging
|
| Top of the 8th over - 0 runs, 1 hit, 0 errors, 1 left on base; Syracuse 0 - New Orleans 6 |
| BOTTOM OF THE 8TH |
|
New Orleans Zephyrs batting - Pitching for Syracuse Chiefs : LHP Eric Bice
|
|
Batting: RHB Orlando Landa
|
0-0: Foul Ball, location: 2F 0-1: DOUBLE (Flyball, 7D, EV 90.0 MPH)
|
|
Pitching: RHP Dan Landry
|
|
|
Batting: RHB Rafael Irizarry
|
0-0: Called Strike 0-1: Swinging Strike 0-2: Ball 1-2: Strikes out looking
|
|
Batting: RHB Adam McGurn
|
0-0: Foul Ball, location: 2F 0-1: Called Strike 0-2: Ball 1-2: Ball 2-2: Ball 3-2: Fly out, F8 (Flyball, 78M, EV 91.9 MPH)
|
|
Batting: SHB Greg Rivera
|
0-0: Ground out 4-3 (Groundball, 4, EV 98.8 MPH)
|
| Bottom of the 8th over - 0 runs, 1 hit, 0 errors, 1 left on base; Syracuse 0 - New Orleans 6 |
| TOP OF THE 9TH |
|
Syracuse Chiefs batting - Pitching for New Orleans Zephyrs : LHP Tyler Murders
|
|
Batting: RHB Willie de los Santos
|
0-0: Ball 1-0: Foul Ball, location: 2F 1-1: Ball 2-1: Ground out 6-3 (Groundball, 6, EV 81.9 MPH)
|
|
Batting: LHB Evan Oliveri
|
0-0: Ball 1-0: Ball 2-0: Ground out U3 (Groundball, 3, EV 99.4 MPH)
|
|
Batting: RHB Dusty Ballard
|
0-0: Ground out 4-3 (Groundball, 4S, EV 87.5 MPH)
|
| Top of the 9th over - 0 runs, 0 hits, 0 errors, 0 left on base; Syracuse 0 - New Orleans 6 |
|